 Dungeon Crawl Stone Soup version 0.19-a0-854-gc78d25d (webtiles) character file.

1693 Implojin the Grappler (level 8, 0/74 HPs)
             Began as a Troll Fighter on July 1, 2016.
             Was a Follower of Cheibriados.
             Succumbed to an orc warrior's poison
             ... on level 9 of the Dungeon.
             The game lasted 00:07:05 (1267 turns).

Implojin the Grappler (Troll Fighter)               Turns: 1267, Time: 00:07:05

Health: 0/74       AC:  5    Str: 27    XL:     8   Next: 72%
Magic:  7/7        EV:  6    Int:  6    God:    Cheibriados [*.....]
Gold:   12         SH: 14    Dex: 13    Spells: 0 memorised, 7 levels left

rFire  . . .     SeeInvis .       - Unarmed
rCold  . . .     Gourm    +     a - +0 robe
rNeg   . . .     Faith    .     h - +0 large shield
rPois  .         Spirit   .     (helmet restricted)
rElec  .         Dismiss  .     (no cloak)
rCorr  .         Reflect  .     (gloves unavailable)
SustAt .         Harm     .     (boots unavailable)
MR     .....                    (no amulet)
Stlth  +.........               (no ring)
                                (no ring)

@: lethally poisoned (0 -> -22), very slow, not resistant to hostile
enchantments, very unstealthy
A: unfitting armour, claws 3, fast metabolism 3, gourmand, regeneration 2,
shaggy fur 1, tough skin 2
a: Bend Time, Renounce Religion


You were on level 9 of the Dungeon.
You worshipped Cheibriados.
Cheibriados was aware of your devotion.
You were not hungry.

You visited 2 branches of the dungeon, and saw 10 of its levels.
You also visited: Bailey.

You collected 12 gold pieces.

Inventory:

Armour
 a - a +0 robe (worn)
 b - a +0 shield
 h - a +0 large shield (worn)
 l - a +2 shield
Wands
 n - a wand of slowing (20/48)
Scrolls
 c - a scroll of magic mapping {unknown}
 f - a scroll of enchant armour {unknown}
 g - a scroll of remove curse
 i - a scroll of random uselessness
 q - a scroll of enchant weapon {unknown}
 u - a scroll of teleportation {unknown}
Potions
 e - 2 potions of lignification
 k - 2 potions of curing
 r - a potion of mutation
 s - a potion of degeneration {unknown}
 v - a potion of magic {unknown}
Books
 m - a book of the Dragon

   Spells                             Type                      Level
   a - Flame Tongue                   Conjuration/Fire             1
   b - Cause Fear                     Hexes                        4
   c - Bolt of Fire                   Conjuration/Fire             6
   d - Dragon Form                    Transmutation                7
   e - Dragon's Call                  Summoning                    9
 p - the Catalogue of Fetching Ignition
   (You found it on level 5 of the Dungeon)

   Spells                             Type                      Level
   a - Ensorcelled Hibernation        Hexes/Ice                    2
   b - Gell's Gravitas                Hexes/Translocation          3
   c - Sticky Flame                   Conjuration/Fire             4
   d - Cause Fear                     Hexes                        4
   e - Metabolic Englaciation         Hexes/Ice                    5
Comestibles
 d - 3 bread rations
 j - 2 meat rations
 t - a slice of pizza


   Skills:
 - Level 2.4 Fighting
 - Level 2.4 Dodging
 - Level 2.4 Shields
 * Level 11.2 Unarmed Combat


You had 7 spell levels left.
You didn't know any spells.

Dungeon Overview and Level Annotations

Branches:
Dungeon (9/15)             Temple (1/1) D:6
   Lair: D:8-11         Orc: D:9-12

Altars:
Cheibriados
Fedhas
Gozag
Hepliaklqana
Nemelex Xobeh
Pakellas
Ru
Sif Muna
Trog
Uskayaw
Vehumet
Xom
Yredelemnul
The Shining One


Innate Abilities, Weirdness & Mutations

You are too large for most types of armour.
You have claws for hands.
Your metabolism is lightning-fast.
You like to eat raw meat.
You heal very quickly.
You are covered in fur. (AC +1)
You have very tough skin. (AC +2)


Message History

You pummel the troll!!
You kill the troll!
Cheibriados appreciates the change of pace.
Your Unarmed Combat skill increases to level 11!
The orc wizard hits you but does no damage.
Unknown command.
You pummel the orc wizard!!
You kill the orc wizard!
Cheibriados appreciates the change of pace.
The orc hits you but does no damage.
You pummel the orc!!
You kill the orc!
Cheibriados appreciates the change of pace.
You start resting.
Your transformation is almost over.
You start resting.
An orc warrior comes into view. It is wielding a trident of venom.
You cannot move.
An orc warrior is nearby!
The orc warrior hits you from afar with a trident of venom!
* * * LOW HITPOINT WARNING * * *
An orc priest comes into view. It is wielding a flail.
Unknown command.
You cannot move.
You feel less woody.
Your +0 robe unmelds from your body.
The orc priest shouts!
The orc warrior hits you from afar with a trident of venom!!
* * * LOW HITPOINT WARNING * * *
You are poisoned. 2 orcs come into view.
An orc is wielding a short sword of venom.
Unknown command.
You feel sick.
You feel sick.
You feel sick.
The orc warrior hits you from afar with a trident of venom!
* * * LOW HITPOINT WARNING * * *
You are more poisoned.
You die...

#.# .. ..........# #.##
... ..........##
#..###..
...........####......
...................#
..................# .
..................# ..
...............@..####.#
.......<.....####......#
.............[###o.....#
..............##).####.#
............o.##)## .
###..............#
#...........o#.#
..#...............#
...o............#.#


There were no monsters in sight!

Vanquished Creatures
  A troll (D:9)
  A hippogriff (D:7)
  2 orc warriors (D:9)
  An ogre (D:7)
  A centaur (D:6)
  2 scorpions
  A killer bee (D:9)
  2 crimson imps
  A hound (D:8)
  2 jellies
  3 orc priests (D:4)
  13 orc wizards
  A giant frog skeleton (D:6)
  An iguana (D:7)
  2 worker ants
  2 worker ant zombies
  3 adders
  2 shadow imps
  A worm (D:1)
  2 dart slugs
  2 giant geckos
  28 orcs
  A goblin (D:1)
  A hobgoblin (D:1)
  2 jackals (D:1)
  A kobold (D:1)
  3 quokkas
  A giant gecko skeleton (D:7)
  2 giant newts
  A quokka skeleton (D:7)
  A rat (D:2)
87 creatures vanquished.

Notes
Turn   | Place    | Note
-------+----------+-------------------------------------------
     0 | D:1      | Implojin the Troll Fighter began the quest for the Orb.
     0 | D:1      | Reached XP level 1. HP: 22/22 MP: 0/0
    57 | D:1      | Reached XP level 2. HP: 29/29 MP: 1/1
    79 | D:1      | Reached skill level 3 in Unarmed Combat
   264 | D:3      | Reached XP level 3. HP: 18/36 MP: 2/2
   267 | D:3      | Reached skill level 4 in Unarmed Combat
   267 | D:3      | Reached XP level 4. HP: 23/44 MP: 3/3
   296 | D:3      | Found an opulent altar of Gozag.
   345 | D:4      | Reached skill level 5 in Unarmed Combat
   345 | D:4      | Reached XP level 5. HP: 37/50 MP: 4/4
   444 | D:4      | Reached skill level 6 in Unarmed Combat
   493 | D:4      | Reached XP level 6. HP: 50/59 MP: 5/5
   519 | D:5      | Entered Level 5 of the Dungeon
   549 | D:5      | Reached skill level 7 in Unarmed Combat
   632 | D:5      | Reached XP level 7. HP: 48/66 MP: 6/6
   650 | D:5      | Identified the Catalogue of Fetching Ignition
   678 | D:5      | Reached skill level 8 in Unarmed Combat
   777 | D:6      | Found a staircase to the Ecumenical Temple.
   796 | Temple   | Entered the Ecumenical Temple
   887 | Temple   | Became a worshipper of Cheibriados the Contemplative
   924 | D:7      | Noticed a hippogriff
   935 | D:7      | Killed a hippogriff
   935 | D:7      | Reached skill level 9 in Unarmed Combat
   981 | D:7      | Reached XP level 8. HP: 55/74 MP: 7/7
  1130 | D:7      | Found a flagged portal.
  1142 | Bailey   | Entered a bailey
  1183 | D:9      | Reached skill level 10 in Unarmed Combat
  1223 | D:9      | Noticed a troll
  1234 | D:9      | Reached * piety under Cheibriados
  1242 | D:9      | Killed a troll
  1242 | D:9      | Reached skill level 11 in Unarmed Combat
  1266 | D:9      | HP: 2/74 [orc warrior/trident of venom (17)]
  1267 | D:9      | Succumbed to an orc warrior's poison

Vault maps used:
D:1:      evilmike_arrival_run_for_it
D:2:      nicolae_ru_the_path_less_chosen
D:3:      grunt_temple_overflow_order_and_chaos_2,
          nicolae_gozag_cash_rules_everything_around_me
D:4:      gup_sewer_entry_spiral
D:5:      first_bread, minmay_misc_feat_five, minmay_fountain_box,
          minmay_a_box_with_orc_wizards_in_it
D:6:      grunt_temple_overflow_cloverleaf, serial_bayou_pond_e,
          minmay_misc_feat_diagonals
D:7:      enter_bailey_2, serial_bayou, serial_bayou_shore_a,
          serial_bayou_shore_b, serial_bayou_lake_a, serial_bayou_pond_a
D:8:      kennysheep_mini, okawaru_humans, basic_altar, david_nohive_1,
          kennysheep_generic_room_5
D:9:      david_orc_4, hangedman_abyss_or_decor_passed
Temple:   jpeg_temple_clearing
Bailey:   bailey_polearm_2, bailey

Skill      XL: |  1  2  3  4  5  6  7  8 |
---------------+-------------------------+-----
Unarmed Combat | 3 4 5 6 7 9 11 | 11.2
Fighting       | |  2.4
Dodging        | |  2.4
Shields        | |  2.4

Action                   |  1- 3 |  4- 6 |  7- 9 || total
-------------------------+-------+-------+-------++-------
Melee: Unarmed           |    43 |   102 |   135 ||   280
  Use: Potion            |     1 |       |     2 ||     3
       Scroll            |       |       |     6 ||     6
  Eat: Chunk             |       |     8 |     2 ||    10
Armor: Robe              |    21 |    18 |    17 ||    56
       Skin              |       |       |    11 ||    11
Dodge: Dodged            |    16 |    10 |    19 ||    45
Block: Shield            |    25 |       |       ||    25
       Large shield      |    11 |    49 |    82 ||   142

Table legend:
 A = Turns spent in this place as a percentage of turns spent in the entire game.
 B = Non-inter-level travel turns spent in this place as a percentage of non-inter-level travel turns spent in the entire game.
 C = Inter-level travel turns spent in this place as a percentage of turns spent in this place.
 D = Turns resting spent in this place as a percentage of non-inter-level travel turns spent in this place.
 E = Turns spent auto-exploring this place as a percentage of non-inter-level travel turns spent in this place.
 F = Non-inter-level travel turns spent in this place divided by the number of levels of this place that you've seen.
                   A       B       C       D       E      F
               +-------+-------+-------+-------+-------+----------------------
         Total | 100.0 | 100.0 |   0.0 |   0.2 |   0.0 | 113.6
       Dungeon |  90.5 |  90.5 |   0.0 |   0.3 |   0.0 | 125.7
        Temple |   9.3 |   9.3 |   0.0 |   0.0 |   0.0 | 116.0
        Bailey |   0.2 |   0.2 |   0.0 |   0.0 |   0.0 |   3.0
               +-------+-------+-------+-------+-------+----------------------

Table legend:
 A = Kills in this place as a percentage of kills in entire the game.
 B = Kills by you in this place as a percentage of kills by you in the entire game.
 C = Kills by friends in this place as a percentage of kills by friends in the entire game.
 D = Other kills in this place as a percentage of other kills in the entire game.
 E = Experience gained in this place as a percentage of experience gained in the entire game.
 F = Experience gained in this place divided by the number of levels of this place that you have seen.
                   A       B       C       D       E      F
               +-------+-------+-------+-------+-------+----------------------
         Total | 100.0 | 100.0 |  -nan |  -nan | 100.0 | 219.9
       Dungeon | 100.0 | 100.0 |  -nan |  -nan | 100.0 | 268.8
               +-------+-------+-------+-------+-------+----------------------
